Match 36581195
Unlisted

Match 36581195
End
Construct Section Command Post
Selects Air and Sea Battlegroup
Infantry Section
Dingo Light Scout Car
Infantry Section
Vickers Machine Gun Team
Selects Commando Section Paradrop
Selects Commando Support Section Paradrop
Commando Support Section Paradrop
Construct Platoon Command Post
Unlock M3 Stuart Light Tanks
M3 Stuart Light Tank
M3 Stuart Light Tank
Commando Section Paradrop
6-pounder Anti-tank Gun Team
Selects Supply Surplus
Construct Resource Cache
Selects Incendiary Bombing Run
Incendiary Bombing Run
Construct Resource Cache
Construct Company Command Post
Unlock M3 Grant Medium Tanks
Incendiary Bombing Run
M3 Grant Medium Tank
Construct Resource Cache
Construct Resource Cache
Selects Centaur Medium Tank
M3 Grant Medium Tank
Royal Engineer Section
Incendiary Bombing Run
M3 Grant Medium Tank
Incendiary Bombing Run
Foot Guards Section
Foot Guards Section
M3 Grant Medium Tank
Selects Naval Bombardment
Naval Bombardment
A1
Lord Panther
Gazzoman
gzilla
Aurix
cobra delta
JIN_47
vincent
0
0

Comments sign in to comment!

No comments posted yet!